Map: Ulrena

Players

Ame

  • Race: Zerg Zerg
  • League: Silver

LanGi - Winner!

  • Race: Protoss Protoss
  • League: Silver

VOD

Have the link to the VOD?

Description

Time

  • Played on: Nov. 15, 2015, 5:33 a.m.
  • Length: 13:39
Show
View Real Time Build Order
Export as new Build Order

Ame Zerg 

Build Orders: Hatch First, Zergling Baneling 

Get SALT Encoding   

  12  0:01  Drone  
  13  0:12  Overlord  
  13  0:21  Drone  
  14  0:45  Hatchery  
  14  0:48  Drone  
  14  0:50  Drone  
  14  0:54  Drone  
  16  1:14  Spawning Pool  
  16  1:16  Drone  
  16  1:28  Drone  
  16  1:29  Drone  
  16  1:31  Extractor  
  17  1:53  Drone  
  17  1:54  Drone  
  19  2:02  Drone x2  
  19  2:03  Queen x2  
  19  2:06  Drone  
  26  2:10  Drone  
  27  2:16  Drone  
  27  2:22  Overlord  
  28  2:26  Overlord  
  28  2:34  Overlord  
  28  2:40  Zergling x2  
  29  2:48  Zergling x4  
  31  2:51  Zergling x2  
  32  3:01  Drone  
  32  3:03  Drone  
  34  3:17  Drone x8  
  42  3:27  Baneling Nest  
  42  3:28  Drone x2  
  42  3:29  Roach Warren  
  42  3:32  Extractor  
  41  3:34  Drone  
  41  3:59  Zergling x16  
  46  4:08  Drone x2  
  48  4:15  Lair  
  48  4:18  Evolution Chamber, Zergling x2  
  48  4:19  Zergling x2  
  48  4:34  Roach x2  
  48  4:36  Overlord  
  48  4:37  Hatchery, Overlord x2  
  49  4:41  Drone x2  
  51  4:46  Zerg Melee Weapons Level 1  
  51  4:52  Baneling x2  
  51  4:53  Baneling x9  
  51  4:56  Roach  
  52  5:07  Drone  
  52  5:08  Evolution Chamber, Drone x5  
  52  5:26  Roach  
  52  5:27  Roach x2  
  55  5:29  Queen  
  55  5:33  Drone x4, Extractor  
  60  5:38  Zerg Ground Armor Level 1  
  60  5:43  Drone  
  60  5:44  Drone x3  
  64  5:53  Extractor  
  63  5:59  Drone x5  
  68  6:04  Hydralisk Den  
  67  6:15  Ravager  
  67  6:17  Ravager  
  69  6:23  Zergling x6  
  69  6:24  Zergling x4  
  74  6:39  Overlord x4  
  74  6:57  Queen  
  72  7:29  Roach x14  
  104  7:30  Roach x2  
  104  7:35  Drone  
  105  7:38  Overlord  
  105  7:55  Overlord x3  
  105  7:56  Overlord, Queen  
  107  7:59  Drone x2  
  107  8:00  Extractor  
  87  8:50  Roach x12  
  87  8:51  Roach x6  
  121  9:00  Zerg Ground Armor Level 2  
  121  9:02  Zerg Missile Weapons Level 1  
  121  9:04  Hydralisk x2  
  121  9:05  Hydralisk  
  127  9:15  Hydralisk x2  
  127  9:16  Hydralisk  
  133  9:31  Hydralisk  
  133  9:32  Hydralisk x5  
  107  9:54  Zergling x18  
  107  9:55  Zergling x14  
  104  10:08  Hydralisk x3  
  91  10:16  Roach  
  92  10:24  Zergling x6  
  88  10:32  Roach x3  
  84  10:42  Roach x3  
  90  10:47  Muscular Augments  
  90  10:51  Hydralisk x3  
  85  11:20  Roach x9  
  85  11:23  Roach x2  
  99  11:35  Roach x10  
  119  11:41  Roach  
  119  11:43  Hydralisk  
  119  11:45  Hydralisk  
  125  11:51  Hatchery  
  124  11:55  Glial Reconstitution  
  124  11:58  Roach  
  124  11:59  Roach x10  
  130  12:12  Roach x4  
  100  12:26  Roach x6  
  112  12:30  Queen  
  114  12:39  Extractor  
  113  12:47  Infestation Pit  
  113  12:48  Roach x4  
  113  12:49  Roach x2  
  124  12:51  Hydralisk x2  
  106  13:08  Hydralisk x4  
  110  13:15  Drone x2  
  110  13:16  Drone x2  
Show
View Real Time Build Order
Export as new Build Order

LanGi Protoss - Winner!

Build Orders: 1 Gate Expand 

Get SALT Encoding   

  12  0:00  Probe (Chrono Boost)  
  13  0:11  Probe (Chrono Boost)  
  14  0:18  Pylon  
  14  0:22  Probe (Chrono Boost)  
  15  0:36  Probe (Chrono Boost)  
  15  0:42  Gateway  
  16  0:46  Probe (Chrono Boost)  
  17  0:52  Assimilator  
  17  0:58  Probe (Chrono Boost)  
  18  1:09  Probe (Chrono Boost)  
  19  1:19  Probe (Chrono Boost)  
  20  1:30  Nexus  
  20  1:40  Cybernetics Core  
  20  1:43  Probe (Chrono Boost)  
  21  1:54  Probe (Chrono Boost)  
  21  1:58  Assimilator  
  22  2:07  Probe (Chrono Boost)  
  23  2:16  Warp Gate  
  23  2:19  Pylon  
  23  2:37  Adept  
  23  2:38  Mothership Core (Chrono Boost)  
  23  2:42  Gateway  
  27  2:44  Probe (Chrono Boost)  
  27  2:50  Gateway  
  28  2:56  Probe (Chrono Boost)  
  28  2:57  Probe (Chrono Boost)  
  30  3:07  Probe (Chrono Boost)  
  30  3:08  Probe (Chrono Boost)  
  31  3:17  Probe (Chrono Boost)  
  31  3:18  Probe (Chrono Boost)  
  31  3:19  Adept  
  35  3:28  Probe (Chrono Boost)  
  35  3:29  Probe (Chrono Boost)  
  35  3:32  Assimilator  
  37  3:34  Assimilator  
  37  3:38  Probe (Chrono Boost)  
  37  3:39  Probe (Chrono Boost)  
  39  3:43  Robotics Facility  
  39  3:49  Probe (Chrono Boost)  
  39  3:50  Probe (Chrono Boost)  
  41  4:07  Probe x2 (Chrono Boost)  
  43  4:22  Pylon  
  43  4:32  Adept  
  41  4:39  Pylon  
  41  4:42  Gateway  
  41  4:45  Adept  
  43  4:47  Adept  
  43  4:52  Probe x2 (Chrono Boost)  
  47  5:03  Probe (Chrono Boost), Gateway  
  44  5:16  Stalker x3  
  50  5:35  Probe x2 (Chrono Boost)  
  52  5:41  Observer  
  53  5:46  Twilight Council  
  53  5:49  Robotics Bay  
  53  5:51  Pylon x2  
  53  5:53  Gateway, Pylon  
  53  5:56  Gateway  
  53  5:57  Probe x2 (Chrono Boost)  
  55  6:04  Stalker, Gateway  
  55  6:06  Sentry x2  
  55  6:08  Probe (Chrono Boost)  
  62  6:25  Stalker  
  64  6:41  Stalker x3  
  70  6:52  Nexus  
  70  6:54  Pylon x2  
  70  7:01  Pylon  
  70  7:10  Stalker x4  
  78  7:23  Disruptor  
  78  7:26  Pylon  
  81  7:30  Blink (Chrono Boost)  
  81  7:36  Probe  
  81  7:37  Probe  
  83  7:45  Gateway  
  83  7:48  Gateway, Probe  
  83  7:49  Probe  
  83  7:51  Pylon  
  85  8:02  Disruptor  
  85  8:03  Stalker  
  85  8:04  Stalker x4  
  98  8:24  Probe  
  98  8:25  Probe x2  
  101  8:33  Disruptor  
  97  8:41  Stalker x3  
  97  8:42  Stalker  
  101  8:58  Pylon  
  101  9:04  Disruptor  
  104  9:19  Forge x2  
  104  9:22  Assimilator  
  104  9:24  Assimilator  
  104  9:26  Probe  
  104  9:27  Probe x2, Pylon  
  104  9:28  Pylon  
  107  9:35  Disruptor  
  107  9:40  Nexus  
  106  9:50  Stalker x4  
  94  10:19  Stalker x3  
  94  10:20  Stalker x2  
  94  10:21  Stalker x3  
  96  10:47  Stalker x2  
  96  10:48  Stalker x3  
  96  10:49  Stalker  
  108  11:08  Pylon  
  108  11:12  Assimilator  
  108  11:16  Assimilator  
  99  11:24  Disruptor  
  100  11:48  Stalker x3  
  100  11:49  Stalker  
  100  11:50  Stalker x2  
  112  11:55  Disruptor  
  93  12:25  Stalker x3  
  93  12:26  Stalker x6  
  93  12:29  Disruptor  
  111  12:55  Stalker x3  
  111  12:56  Stalker x5  
  111  12:57  Stalker  
Tags
 
Add a new tag
Caveats
  • Supply blocks, unpowered buildings, or Contaminate may cause inaccurate times.
  • Supply counts are checked every 10 seconds.